 Dungeon Crawl Stone Soup version 0.30.1-11-g7821555f0a (webtiles) character file.

Game seed: 17826518537661686709

238 Okkudo the Chopper (level 6, -15/51 HPs)
             Began as a Hill Orc Monk on Dec 1, 2023.
             Demolished by an ogre
             ... wielding a +0 giant spiked club
              (31 damage)
             ... on level 4 of the Dungeon.
             The game lasted 00:07:11 (2804 turns).

Okkudo the Chopper (Hill Orc Monk)                  Turns: 2804, Time: 00:07:11

Health: -15/51     AC: 10    Str: 16    XL:     6   Next: 7%
Magic:  6/6        EV:  7    Int: 10    God:
Gold:   190        SH:  5    Dex: 13    Spells: 5/5 levels left

rFire   . . .        a - +0 hand axe
rCold   . . .        g - +0 buckler
rNeg    . . .        k - +0 chain mail
rPois   .            (no helmet)
rElec   .            j - +1 cloak
rCorr   .            (no gloves)
SInv    .            (no boots)
Will    .....        (no amulet) Stlth
                     (no ring)
HPRegen 0.28/turn    (no ring)
MPRegen 0.10/turn

%: no passive effects
@: no status effects
A: no striking features
a: no special abilities


You were on level 4 of the Dungeon.
You visited 1 branch of the dungeon, and saw 4 of its levels.

You collected 190 gold pieces.

Inventory:

Hand Weapons
 a - a +0 hand axe (weapon)
Missiles
 h - a throwing net (quivered)
 t - 4 poisoned darts
Armour
 g - a +0 buckler (worn)
 j - a +1 cloak (worn)
 k - a +0 chain mail (worn)
Scrolls
 b - 2 scrolls of immolation {unknown}
 d - 2 scrolls of enchant weapon {unknown}
 e - 4 scrolls of teleportation {unknown}
 l - a scroll of poison {unknown}
 m - 6 scrolls of identify {unknown}
 n - 2 scrolls of fog {unknown}
 o - a scroll of brand weapon {unknown}
 r - a scroll of noise {unknown}
 s - 2 scrolls of enchant armour {unknown}
Potions
 c - a potion of ambrosia
 f - a potion of mutation {unknown}
 i - 3 potions of curing {unknown}
 p - 3 potions of lignification {unknown}
 q - a potion of haste {unknown}
 u - 3 potions of degeneration {unknown}
 v - a potion of flight {unknown}


   Skills:
 - Level 3.6 Fighting
 * Level 7.4 Axes
 - Level 2.4 Dodging
 + Level 3.3 Shields


You had 5 spell levels left.
You didn't know any spells.
Your spell library contained the following spells:

 Spells                   Type           Power      Damage    Failure   Level
 Call Canine Familiar     Summ           0%         N/A       100%        3
 Frozen Ramparts          Ice            0%         1d1       100%        3
 Portal Projectile        Hex/Tloc       0%         N/A       100%        3
 Ice Form                 Ice/Tmut       0%         N/A       100%        4
 Leda's Liquefaction      Hex/Erth       0%         N/A       100%        4
 Summon Ice Beast         Ice/Summ       0%         N/A       100%        4


Dungeon Overview and Level Annotations

Branches:
Dungeon (4/15)
 Temple: D:4-7

Altars:
Qazlal


Message History

You now have 190 gold pieces (gained 9).
Found a stone staircase leading up.
A quokka and an ogre come into view.
The ogre shouts!
The ogre moves out of view.
Why would you want to do that? You block the ogre's attack.
You hit the ogre.
The ogre is lightly wounded.
The ogre hits you with a +0 giant spiked club!
You slash the ogre!
The ogre is heavily wounded.
You slash the ogre!
The ogre is severely wounded.
You barely miss the quokka.
The quokka twitches its whiskers.
The quokka bites you but does no damage.
You block the ogre's attack.
You hit the ogre.
The ogre is severely wounded.
You completely miss the quokka. The quokka closely misses you.
You hit the ogre but do no damage.
The ogre is severely wounded.
You miss the quokka. The quokka barely misses you.
The ogre hits you with a +0 giant spiked club!!
You block the quokka's attack.
You barely miss the ogre.
The ogre is severely wounded.
You hit the quokka but do no damage.
The ogre hits you with a +0 giant spiked club.
The quokka closely misses you.
You hit the ogre.
The ogre is almost dead.
You barely miss the quokka. You block the quokka's attack.
You hit the ogre.
The ogre is almost dead.
You hit the quokka.
The ogre hits you with a +0 giant spiked club!!
Ouch! That really hurt!
You die...

#..... . #..... .# #....
.. . .#....# ##......
......#.. ....#
........#. ....... ......
.......##. #.#rO# ......
....... #.# #...@##.$..#.
......###.. ##....≈≈≈≈.≈≈
.......#...####..#≈##≈.≈#
.......#...#.#.#..≈## #
....(..##.#....#.#≈≈#
.......##.#......#≈≈#
...)...#..#.###...≈≈#
.......##.#.####..≈##
..........#..###.#≈#


You could see an ogre and a quokka.

Vanquished Creatures
  A jelly (D:4)
  An iguana (D:3)
  Natasha (thrice) (D:3)
  4 adders
  4 dart slugs
  An orc (D:4)
  5 ball pythons
  9 endoplasms
  A giant cockroach (D:3)
  5 hobgoblins
  4 jackals (D:1)
  3 quokkas
  4 bats
  6 frilled lizards
  6 goblins
  2 kobolds
  7 rats
66 creatures vanquished.

Notes
Turn   | Place    | Note
-------+----------+-------------------------------------------
     0 | D:1      | Okkudo the Hill Orc Monk began the quest for the Orb.
     0 | D:1      | Reached XP level 1. HP: 19/19 MP: 1/1
   157 | D:1      | Reached XP level 2. HP: 25/26 MP: 2/2
   217 | D:1      | Reached skill level 1 in Shields
   407 | D:1      | Reached skill level 5 in Axes
   409 | D:1      | Reached XP level 3. HP: 27/31 MP: 3/3
   473 | D:1      | Found a faded altar of an unknown god.
  1502 | D:3      | Reached XP level 4. HP: 39/39 MP: 4/4
  1907 | D:3      | Reached skill level 6 in Axes
  2024 | D:3      | Noticed Natasha
  2034 | D:3      | Killed Natasha
  2035 | D:3      | Reached XP level 5. HP: 23/45 MP: 5/5
  2125 | D:3      | Noticed Natasha
  2143 | D:3      | Killed Natasha
  2196 | D:3      | Noticed Natasha
  2206 | D:3      | Killed Natasha
  2350 | D:3      | Found a stormy altar of Qazlal.
  2456 | D:3      | Reached skill level 7 in Axes
  2600 | D:4      | Reached XP level 6. HP: 19/51 MP: 6/6
  2804 | D:4      | Demolished by an ogre

Illustrated notes

Levels and vault maps discovered:
D:1:      tarquinn_simple_flora_water_c, layout_rooms,
          ebering_ecumenical_altar_rust, minmay_vboxes
D:2:      layout_basic
D:3:      layout_loops_ring, mainiacjoe_overflow_alcove_2, columned_hall_lemuel,
          serial_bayou_crossing, uniq_natasha
D:4:      layout_cave_pools, minmay_temple_entry_offerings,
          grunt_decor_fettered, lightli_minifort

Skill      XL: |  1  2  3  4  5 |
---------------+----------------+-----
Shields        | 1 2 3 |  3.3
Axes           | 5 6 7 |  7.4
Fighting       | |  3.6
Dodging        | |  2.4

Action                     |  1- 3 |  4- 6 || total
---------------------------+-------+-------++-------
  Melee: Hand axe          |   123 |   129 ||   252
   Stab: Sleeping          |     1 |       ||     1
         Distracted        |     1 |       ||     1
 Armour: Robe              |     7 |       ||     7
         Chain mail        |    29 |    67 ||    96
  Dodge: Dodged            |    55 |    38 ||    93
  Block: Buckler           |    15 |    32 ||    47
